 Seeded DCSS version 0.28-a0-1613-gdaab1c2f9b (webtiles) character file.

Game seed: 11 (custom seed)

5281 knot the Cleaver (level 10, -5/58 (70) HPs)
             Began as a Demonspawn Berserker on Jan 22, 2022.
             Was a Believer of Trog.
             Slain by a gnoll sergeant (10 damage)
             ... on level 9 of the Dungeon.
             The game lasted 00:17:28 (13068 turns).

knot the Cleaver (Demonspawn Berserker)            Turns: 13068, Time: 00:17:32

HP:   -5/58 (70)    AC: 19    Str: 23    XL:     10   Next: 37%
MP:   10/10         EV:  5    Int: 13    God:    Trog [**....]
Gold: 531           SH:  0    Dex: 13    Spells: 9/9 levels left

rFire   + . .      SeeInvis .   P - +0 war axe
rCold   + . .      Faith    .   (no shield)
rNeg    . . .      Spirit   .   K - +0 crystal plate armour
rPois   +          Reflect  .   N - +1 helmet
rElec   .          Harm     .   z - scarf {rC+ rF+}
rCorr   .          Rampage  .   D - +0 pair of gloves
Will    .....                   M - +0 pair of boots "Riemin" {+Inv rPois}
Stlth   ..........              w - amulet of magic regeneration
HPRegen 2.19/turn               e - +6 ring of strength
MPRegen 0.64/turn               (no ring)

@: on berserk cooldown, very slightly contaminated, slowed, heavily drained,
invisible (expiring), very slow
A: powered by death 2, magic regeneration, sturdy frame 1, weakness stinger 1
a: Renounce Religion, Evoke Invisibility, Berserk, Trog's Hand


You were on level 9 of the Dungeon.
You worshipped Trog.
Trog was pleased with you.
You visited 2 branches of the dungeon, and saw 10 of its levels.
You also visited: Sewer.

You collected 531 gold pieces.

Inventory:

Hand Weapons
 G - a +3 spear of venom
 P - a +0 war axe (weapon)
Missiles
 d - 172 stones
 i - 11 boomerangs (quivered)
 s - 2 atropa-tipped darts
 H - 104 sling bullets
 J - a throwing net
Armour
 z - a scarf of resistance (worn)
 D - a +0 pair of gloves (worn)
 K - a +0 crystal plate armour (worn)
 M - the +0 pair of boots "Riemin" (worn) {+Inv rPois}
   (You found it on level 7 of the Dungeon)

   rPois:     It protects you from poison.
   +Inv:      It lets you turn invisible.
 N - a +1 helmet (worn)
Jewellery
 e - a +6 ring of strength (left hand)
 w - an amulet of magic regeneration (around neck)
Wands
 y - a wand of charming (4)
 I - a wand of flame (22)
Scrolls
 b - a scroll of identify
 h - a scroll of enchant weapon
 l - 2 scrolls of fear
 n - 4 scrolls of teleportation
 o - 2 scrolls of fog
 r - a scroll of summoning
 x - a scroll of silence
 A - a scroll of vulnerability
 B - a scroll of immolation
 C - a scroll of blinking
 O - a scroll of noise {unknown}
Potions
 c - 6 potions of brilliance
 f - 4 potions of mutation
 g - a potion of attraction {unknown}
 j - 3 potions of lignification {unknown}
 k - 3 potions of curing
 m - 3 potions of flight
 p - 2 potions of magic {unknown}
 q - 4 potions of degeneration {unknown}
 t - 3 potions of cancellation
 u - 2 potions of berserk rage {unknown}
 v - 2 potions of invisibility {unknown}
 E - a potion of haste
 F - 2 potions of might {unknown}
 L - a potion of resistance


   Skills:
 - Level 3.0 Fighting
 * Level 11.3 Axes
 * Level 8.1 Throwing
 - Level 1.7 Armour
 - Level 1.7 Dodging
 * Level 3.7 Evocations


You had 9 spell levels left.
You didn't know any spells.
Your spell library contained the following spells:

 Spells                   Type           Power      Damage    Failure   Level
 Foxfire                  Conj/Fire      0%         2x1d4     100%        1
 Blink                    Tloc           0%         N/A       100%        2
 Conjure Flame            Conj/Fire      0%         6-21      100%        3
 Frozen Ramparts          Ice            0%         1d2       100%        3
 Inner Flame              Hex/Fire       0%         N/A       100%        3
 Cause Fear               Hex            0%         N/A       100%        4
 Flame Wave               Conj/Fire      0%         2d4       100%        4
 Ice Form                 Ice/Tmut       0%         N/A       100%        4
 Summon Ice Beast         Ice/Summ       0%         N/A       100%        4
 Manifold Assault         Tloc           0%         N/A       100%        5
 Dragon Form              Tmut           0%         N/A       100%        7
 Storm Form               Tmut/Air       0%         N/A       100%        7
 Dragon's Call            Summ           0%         N/A       100%        9


Dungeon Overview and Level Annotations

Branches:
Dungeon (9/15)             Temple (1/1) D:7             Orc (0/2) D:9
  Sewer (visited)
   Lair: D:8-11

Altars:
Ashenzari
Cheibriados
Dithmenos
Elyvilon
Fedhas
Gozag
Hepliaklqana
Kikubaaqudgha
Makhleb
Nemelex Xobeh
Okawaru
Qazlal
Ru
Sif Muna
Trog
Uskayaw
Vehumet
Wu Jian
Xom
Yredelemnul
Zin
The Shining One


Innate Abilities, Weirdness & Mutations

You regenerate health from kills.
You regenerate magic rapidly.
Your movements are slightly less encumbered by armour. (ER -2)
You have a small tail.


Message History

You kill the orc!
Trog accepts your kill. The gnoll sergeant barely misses you.
You closely miss the troll.
The troll is lightly wounded.
You hit the gnoll sergeant. You hit the orc.
You flicker for a moment.
The orc closely misses you. The troll bites you but does no damage.
The troll claws you but does no damage. The troll claws you.
The gnoll sergeant hits you but does no damage.
The orc hits you but does no damage. The troll bites you but does no damage.
The troll barely misses you. The troll claws you but does no damage.
You hit the troll.
The troll is lightly wounded.
You closely miss the orc.
You hit the gnoll sergeant but do no damage.
The gnoll sergeant barely misses you. The orc hits you but does no damage.
The troll bites you. The troll closely misses you. The troll claws you.
The gnoll sergeant hits you with a +0 trident.
You catch the helpless gnoll sergeant completely off-guard!
You hit the gnoll sergeant but do no damage.
The gnoll sergeant is severely wounded.
You barely miss the orc. You completely miss the troll.
The orc hits you but does no damage. The troll bites you but does no damage.
The troll claws you but does no damage. x2
The orc hits you but does no damage.
You barely miss the gnoll sergeant.
The gnoll sergeant is severely wounded.
You hit the orc.
You kill the orc!
Trog accepts your kill.
You catch the helpless troll completely off-guard!
You slash the troll! The troll bites you! The troll claws you.
The troll claws you!
* * * LOW HITPOINT WARNING * * *
The gnoll sergeant closely misses you. The troll bites you!
* * * LOW HITPOINT WARNING * * *
The troll barely misses you. The troll claws you but does no damage.
The gnoll sergeant hits you with a +0 trident!
You die...

#.# #.# #.#
####### #.#
#8...8# #.#
#.....#
##.#######..oog#
#........#ooggo#
##.#####.#8ogT8#
### #.###@#####
#...).)...#
#########.... ##


You could see a troll, an orc warrior, 3 gnoll sergeants, a gnoll and 5 orcs.

Vanquished Creatures
  A hornet (D:7)
  Eustachio (D:4)
  A fire elemental (D:7)
  2 fire bats (D:7)
  3 yaks (D:8)
  A steam dragon (D:8)
  Menkaure (D:7)
  2 orc warriors (D:9)
  3 ice beasts
  2 sky beasts (D:6)
  2 black bears
  3 centaurs
  2 necrophages
  5 ogres
  2 kobold brigands (D:9)
  2 phantoms
  A wyvern zombie (D:5)
  2 scorpions
  2 gnoll sergeants
  2 wyvern skeletons (D:6)
  9 killer bees
  A centaur zombie (D:8)
  An orc priest (D:8)
  2 gnoll shamans
  3 hounds
  2 jellies
  3 bullfrog skeletons
  2 iguanas
  8 orc wizards (D:8)
  A killer bee zombie (D:7)
  A howler monkey zombie (D:6)
  A howler monkey skeleton (D:6)
  11 gnolls
  5 adders
  7 river rats
  A worm (D:2)
  A dart slug (D:3)
  11 orcs
  6 endoplasms
  4 giant cockroaches
  4 goblins
  3 hobgoblins
  4 jackals
  2 quokkas
  11 ball pythons
  8 bats
  5 frilled lizards
  7 kobolds
  16 rats
180 creatures vanquished.

Vanquished Creatures (collateral kills)
  A centaur (D:6)
  A killer bee (D:6)
  A howler monkey skeleton (D:6)
  A gnoll (D:6)
  A white imp (D:6)
5 creatures vanquished.

Vanquished Creatures (others)
  A killer bee (D:6)
  A jelly (D:7)
  An orc wizard (D:8)
3 creatures vanquished.

Grand Total: 188 creatures vanquished

Notes
Turn   | Place    | Note
-------+----------+-------------------------------------------
     0 | D:1      | knot the Demonspawn Berserker began the quest for the Orb.
     0 | D:1      | Reached XP level 1. HP: 18/18 MP: 1/1
    52 | D:1      | Reached skill level 3 in Axes
    60 | D:1      | Gained mutation: You regenerate a little health from kills.
                  | [demonic ancestry]
    60 | D:1      | Reached XP level 2. HP: 24/24 MP: 2/2
   640 | D:1      | Found a faded altar of an unknown god.
   807 | D:2      | Gained mutation: Your movements are slightly less
                  | encumbered by armour. (ER -2) [demonic ancestry]
   807 | D:2      | Reached XP level 3. HP: 7/29 MP: 3/3
  1134 | D:2      | Reached skill level 4 in Axes
  2455 | D:3      | Reached ** piety under Trog
  2741 | D:3      | Reached XP level 4. HP: 35/35 MP: 4/4
  2773 | D:3      | Found a glowing drain.
  2791 | Sewer    | Entered a sewer
  2951 | Sewer    | Reached skill level 5 in Axes
  3181 | Sewer    | Reached XP level 5. HP: 41/41 MP: 5/5
  3539 | D:3      | Found a shadowy altar of Dithmenos.
  3542 | D:3      | Found a bloodstained altar of Trog.
  3543 | D:3      | Found a basalt altar of Yredelemnul.
  3543 | D:3      | Found a radiant altar of Vehumet.
  3543 | D:3      | Found a burning altar of Makhleb.
  3545 | D:3      | Found a broken altar of Ashenzari.
  3546 | D:3      | Found a snail-covered altar of Cheibriados.
  3548 | D:3      | Found a sacrificial altar of Ru.
  3915 | D:4      | Reached skill level 6 in Axes
  3915 | D:4      | Gained mutation: You have a small tail. [demonic ancestry]
  3915 | D:4      | Reached XP level 6. HP: 47/47 MP: 6/6
  4142 | D:4      | Noticed Eustachio
  4175 | D:4      | Killed Eustachio
  4176 | D:4      | Reached skill level 7 in Axes
  4264 | D:4      | Gained mutation: You regenerate health from kills. [demonic
                  | ancestry]
  4264 | D:4      | Reached XP level 7. HP: 52/52 MP: 7/7
  5158 | D:5      | Entered Level 5 of the Dungeon
  5387 | D:5      | Reached skill level 1 in Throwing
  5597 | D:5      | Reached skill level 8 in Axes
  6167 | D:5      | Reached XP level 8. HP: 58/58 MP: 8/8
  7260 | D:6      | Reached skill level 9 in Axes
  8317 | D:6      | Reached skill level 5 in Throwing
  8388 | D:6      | Gained mutation: You regenerate magic rapidly. [demonic
                  | ancestry]
  8388 | D:6      | Reached XP level 9. HP: 29/63 MP: 9/9
  9017 | D:7      | Noticed Menkaure
  9036 | D:7      | Killed Menkaure
  9103 | D:7      | Reached skill level 10 in Axes
  9621 | D:7      | Found a transporter.
  9638 | D:7      | Found a transporter.
  9875 | D:7      | Identified the +0 pair of boots "Riemin" {+Inv rPois}
 10842 | D:7      | Reached skill level 1 in Evocations
 11076 | D:7      | Found a staircase to the Ecumenical Temple.
 11247 | Temple   | Entered the Ecumenical Temple
 11398 | D:8      | Found a hazy altar of Hepliaklqana.
 11398 | D:8      | Found an ancient bone altar of Kikubaaqudgha.
 11534 | D:8      | Reached XP level 10. HP: 58/70 MP: 10/10
 11695 | D:8      | Reached skill level 11 in Axes
 12283 | D:8      | Found a hide-covered altar of Uskayaw.
 13037 | D:9      | Found a staircase to the Orcish Mines.
 13068 | D:9      | Slain by a gnoll sergeant

Illustrated notes

Levels and vault maps discovered:
D:1:      minmay_arrival_nine_rooms, layout_rooms, basic_ecumenical_altar
D:2:      layout_basic
D:3:      layout_loops_ring, minitemple, portal_sewer_entry_b,
          lemuel_old_faithful
D:4:      layout_basic, uniq_eustachio
D:5:      layout_layer_cave, minivault_24
D:6:      minmay_chambers_of_threes, layout_basic
D:7:      gammafunk_cloud_chamber, layout_loops_cross, lemuel_temple_firewalk_b,
          uniq_menkaure
D:8:      minmay_flawed_box, layout_basic, lemuel_coloured_pillars_altar,
          grunt_temple_overflow_open, serial_aquarium,
          aquarium_bridge_island_small [aquarium_subvault_small_water,
          aquarium_subvault_balcony, aquarium_subvault_balcony,
          aquarium_subvault_bridge, aquarium_subvault_wall],
          aquarium_window_fake, aquarium_window_fake, aquarium_window_fake,
          aquarium_view_2c, aquarium_view_2g, aquarium_pool_double
D:9:      minmay_general_purpose_star, layout_loops_ring,
          kennysheep_orc_monster_closet_entryway, serial_shops,
          nicolae_shop_crystal, minmay_misc_feat_nine_boxes,
          hangedman_decor_points
Temple:   zaba_magenta_temple

Skill      XL: |  1  2  3  4  5  6  7  8  9 10 |
---------------+-------------------------------+-----
Axes           | 3 4 5 6 7 8 9 10 11 | 11.3
Throwing       | 3 5 7 8 |  8.1
Evocations     | 2 3 |  3.7
Fighting       | |  3.0
Armour         | |  1.7
Dodging        | |  1.7

Action                   |  1- 3 |  4- 6 |  7- 9 | 10-12 || total
-------------------------+-------+-------+-------+-------++-------
Melee: Hand axe          |   133 |   119 |   111 |       ||   363
       Punch             |       |     5 |     4 |     1 ||    10
       Tailslap          |       |     2 |    42 |    25 ||    69
       Spear             |       |       |   207 |    74 ||   281
       War axe           |       |       |       |    26 ||    26
Throw: Stone             |       |     1 |       |       ||     1
       Boomerang         |       |       |    49 |     7 ||    56
Invok: Berserk           |     3 |     7 |    15 |     1 ||    26
       Trog's Hand       |       |       |     1 |       ||     1
 Abil: Evoke Invisibilit |       |       |       |     1 ||     1
Evoke: Wand              |       |       |     2 |       ||     2
  Use: Scroll            |       |       |       |    14 ||    14
 Stab: Sleeping          |     2 |     1 |     1 |       ||     4
       Invisible         |       |       |       |    12 ||    12
Armor: Animal skin       |     3 |       |       |       ||     3
       Leather armour    |    38 |    16 |    73 |       ||   127
       Crystal plate arm |       |       |       |    28 ||    28
       Steam dragon scal |       |       |       |    16 ||    16
Dodge: Dodged            |   102 |    67 |   170 |    43 ||   382

Table legend: (Time is in decaauts)
 A = Elapsed time spent in this place.
 B = Non-inter-level travel time spent in this place.
 C = Inter-level travel time spent in this place.
 D = Time resting spent in this place.
 E = Time spent auto-exploring this place.
 F = Levels seen in this place.
 G = Mean time per level.
                   A        B        C        D        E       F      G
               +--------+--------+--------+--------+--------+-----+--------+
         Total |  13314 |  12833 |    481 |   4139 |   7102 |  11 | 1210.4 |
       Dungeon |  12575 |  12113 |    462 |   4000 |   6706 |   9 | 1397.2 |
        Temple |     73 |     55 |     18 |      0 |     50 |   1 |   73.0 |
         Sewer |    665 |    665 |      0 |    139 |    346 |   1 |  665.0 |
               +--------+--------+--------+--------+--------+-----+--------+

Top non-repeatable levels by time:
     D:7: 2300 daAuts
     D:6: 2003 daAuts
     D:5: 1823 daAuts
     D:4: 1747 daAuts
     D:2: 1458 daAuts
     D:8: 1425 daAuts
     D:1: 808 daAuts
     D:3: 786 daAuts
   Sewer: 665 daAuts
     D:9: 221 daAuts
  Temple: 73 daAuts
